 Dungeon Crawl Stone Soup version 0.27.0-1-g7a089689b8 (webtiles) character file.

Game seed: 8771520745478057066

2641 Spaninq the Spear-Bearer (level 9, -4/82 HPs)
             Began as a Naga Berserker on Aug 3, 2021.
             Was a Priest of Trog.
             Slain by a two-headed ogre (10 damage)
             ... on level 8 of the Dungeon.
             The game lasted 00:19:57 (8208 turns).

Spaninq the Spear-Bearer (Naga Berserker)           Turns: 8208, Time: 00:19:57

Health: -4/82      AC: 13    Str: 28    XL:     9   Next: 61%
Magic:  9/9        EV:  6    Int:  7    God:    Trog [***...]
Gold:   390        SH:  5    Dex: 12    Spells: 8/8 levels left

rFire    . . .     SeeInvis +   j - +0 trident
rCold    . . .     Faith    .   g - +0 buckler
rNeg     . . .     Spirit   .   a - +0 plate armour
rPois    +         Reflect  .   (no helmet)
rElec    .         Harm     .   n - +0 cloak
rCorr    .         Rampage  .   l - +1 pair of gloves
Will     ++...                  (no barding)
Stlth    ..........             (no amulet)
HPRegen  0.23/turn              t - ring of willpower
MPRegen  0.11/turn              m - +6 ring of strength

@: short of breath, very slow
A: AC +3, large, see invisible, deformed body, poison resistance, slowness 2,
spit poison 1, naga tail 1
a: Spit Poison, Renounce Religion, Berserk, Trog's Hand


You were on level 8 of the Dungeon.
You worshipped Trog.
Trog was most pleased with you.
You visited 2 branches of the dungeon, and saw 9 of its levels.

You collected 390 gold pieces.

Inventory:

Hand Weapons
 j - a +0 trident (weapon)
Armour
 a - a +0 plate armour (worn)
 e - a +0 scale mail
 g - a +0 buckler (worn)
 h - a +0 kite shield
 l - a +1 pair of gloves (worn)
 n - a +0 cloak (worn)
Jewellery
 c - a ring of protection from fire
 k - a ring of positive energy
 m - a +6 ring of strength (right hand)
 t - a ring of willpower (left hand)
Wands
 s - a wand of digging (4)
 u - a wand of iceblast (8)
Scrolls
 i - a scroll of teleportation
 w - a scroll of silence {unknown}
 x - 2 scrolls of identify
 y - a scroll of magic mapping {unknown}
Potions
 b - 2 potions of attraction {unknown}
 d - 2 potions of curing {unknown}
 f - 3 potions of might
 o - 2 potions of haste {unknown}
 p - 2 potions of degeneration {unknown}
 q - a potion of heal wounds {unknown}
 r - a potion of magic {unknown}
 v - a potion of berserk rage {unknown}


   Skills:
 + Level 6.2 Fighting
 * Level 8.4 Polearms
 + Level 3.9 Armour
 + Level 3.8 Dodging
 - Level 1.6 Stealth
 + Level 4.6 Shields


You had 8 spell levels left.
You didn't know any spells.
Your spell library was empty.

Dungeon Overview and Level Annotations

Branches:
Dungeon (8/15)             Temple (1/1) D:4
   Lair: D:8-11

Altars:
Ashenzari
Cheibriados
Dithmenos
Elyvilon
Fedhas
Gozag
Kikubaaqudgha
Makhleb
Nemelex Xobeh
Okawaru
Qazlal
Ru
Sif Muna
Trog
Uskayaw
Vehumet
Wu Jian
Xom
Yredelemnul
Zin
The Shining One


Innate Abilities, Weirdness & Mutations

Your serpentine skin is tough. (AC +3)
You have supernaturally acute eyesight. (SInv)
Armour fits poorly on your strangely shaped body.
Your system is resistant to poisons. (rPois)
You cover ground very slowly.
You can spit poison.
You have a snake-like lower body.


Message History

Press: ? - help, Shift-Dir - straight line, f - two-headed ogre
Aim: a two-headed ogre, wielding two +0 giant clubs The splash of poison hits the two-headed ogre!
The two-headed ogre is poisoned.
The two-headed ogre is lightly wounded.
The two-headed ogre looks more healthy.
You hit the two-headed ogre but do no damage.
The two-headed ogre is moderately wounded.
The two-headed ogre hits you with a +0 giant club!!
The two-headed ogre completely misses you.
You hit the two-headed ogre.
The two-headed ogre is moderately wounded.
You puncture the two-headed ogre!
The two-headed ogre is heavily wounded.
You have got your breath back.
The two-headed ogre barely misses you. x2
Press: ? - help, Shift-Dir - straight line, f/p - two-headed ogre
Aim: a two-headed ogre, wielding two +0 giant clubs (heavily wounded)
The splash of poison hits the two-headed ogre!
The two-headed ogre is poisoned.
The two-headed ogre is severely wounded.
The two-headed ogre hits you with a +0 giant club!!
The two-headed ogre hits you but does no damage.
You hit the two-headed ogre.
The two-headed ogre is almost dead.
You puncture the two-headed ogre!
The two-headed ogre is almost dead.
The two-headed ogre hits you with a +0 giant club! x2
* * * LOW HITPOINT WARNING * * *
You hit the two-headed ogre but do no damage.
The two-headed ogre is almost dead.
The two-headed ogre hits you with a +0 giant club!
* * * LOW HITPOINT WARNING * * *
The two-headed ogre hits you but does no damage.
You barely miss the two-headed ogre.
The two-headed ogre is almost dead.
The two-headed ogre hits you with a +0 giant club.
* * * LOW HITPOINT WARNING * * *
The two-headed ogre hits you with a +0 giant club!
You die...

#......
#..... .
#.... ..
#...#
...###...#
.........#
##......##
###...O###
#....@<#
##....##
#...##
##.## #.
##


You could see a two-headed ogre (poisoned).

Vanquished Creatures
  An ugly thing (D:7)
  2 hornets
  Grinder (D:5)
  A wyvern (D:6)
  Sigmund (D:6)
  A steam dragon (D:4)
  Menkaure (D:7)
  A sky beast (D:5)
  3 ogres
  2 bullfrogs
  Blork the orc (D:5)
  A gnoll sergeant (D:7)
  A scorpion (D:6)
  A wyvern skeleton (D:6)
  A water moccasin skeleton (D:6)
  A vampire bat (D:4)
  A centaur zombie (D:6)
  A hound (D:6)
  2 orc priests
  A bullfrog skeleton (D:6)
  2 iguanas
  An orc wizard (D:5)
  A howler monkey zombie (D:7)
  4 gnolls (D:7)
  8 adders
  2 howler monkey skeletons
  2 white imps
  An ufetubus (D:6)
  2 adder skeletons
  A worm (D:3)
  11 orcs
  8 ball pythons
  17 bats
  6 endoplasms
  4 giant cockroaches
  4 goblins
  6 hobgoblins
  4 jackals (D:1)
  5 quokkas
  4 frilled lizards
  2 jackal skeletons (D:4)
  5 kobolds
  10 rats
135 creatures vanquished.

Vanquished Creatures (others)
  A fungus (D:1)
  6 plants
7 creatures vanquished.

Grand Total: 142 creatures vanquished

Notes
Turn   | Place    | Note
-------+----------+-------------------------------------------
     0 | D:1      | Spaninq the Naga Berserker began the quest for the Orb.
     0 | D:1      | Reached XP level 1. HP: 21/21 MP: 1/1
   118 | D:1      | Reached XP level 2. HP: 28/28 MP: 2/2
   169 | D:1      | Found a faded altar of an unknown god.
   282 | D:1      | Reached XP level 3. HP: 27/34 MP: 3/3
   469 | D:1      | Reached ** piety under Trog
   970 | D:2      | Reached skill level 4 in Polearms
  1099 | D:2      | Reached skill level 1 in Stealth
  1099 | D:2      | You fall into a shaft and drop 1 floor!
  1106 | D:3      | Reached XP level 4. HP: 39/42 MP: 4/4
  1957 | D:2      | Reached *** piety under Trog
  2114 | D:2      | Reached skill level 1 in Shields
  2335 | D:3      | Reached XP level 5. HP: 48/50 MP: 5/5
  2694 | D:4      | Found a staircase to the Ecumenical Temple.
  2701 | Temple   | Entered the Ecumenical Temple
  3059 | D:4      | Noticed a steam dragon
  3072 | D:4      | Killed a steam dragon
  3073 | D:4      | Reached skill level 5 in Polearms
  3073 | D:4      | Reached XP level 6. HP: 31/57 MP: 6/6
  3841 | D:4      | Reached XP level 7. HP: 66/66 MP: 7/7
  4075 | D:5      | Entered Level 5 of the Dungeon
  4083 | D:5      | Noticed Blork the orc
  4097 | D:5      | Killed Blork the orc
  4484 | D:5      | Noticed Grinder
  4490 | D:5      | Paralysed by Grinder for 6 turns
  4501 | D:5      | Paralysed by Grinder for 5 turns
  4511 | D:5      | Killed Grinder
  4512 | D:5      | Reached skill level 6 in Polearms
  4759 | D:5      | Reached XP level 8. HP: 70/73 MP: 8/8
  5075 | D:6      | Reached **** piety under Trog
  5076 | D:6      | Reached skill level 5 in Fighting
  5089 | D:6      | Noticed Sigmund
  5228 | D:6      | Killed Sigmund
  5325 | D:6      | Reached skill level 7 in Polearms
  5482 | D:6      | Noticed a wyvern
  5491 | D:6      | Killed a wyvern
  6071 | D:6      | Noticed a hornet
  6078 | D:6      | Killed a hornet
  6079 | D:6      | Reached XP level 9. HP: 67/82 MP: 9/9
  6959 | D:7      | Noticed Menkaure
  6968 | D:7      | Killed Menkaure
  7064 | D:7      | Noticed a hornet
  7069 | D:7      | Killed a hornet
  7070 | D:7      | Reached skill level 8 in Polearms
  7814 | D:7      | Noticed a green ugly thing
  7823 | D:7      | Killed a green ugly thing
  8195 | D:8      | Noticed a two-headed ogre
  8208 | D:8      | Slain by a two-headed ogre

Illustrated notes

Levels and vault maps discovered:
D:1:      dpeg_arrival_simpleton_c, layout_loops_ring,
          shapermc_ecumenical_altar_rom_forum
D:2:      layout_basic
D:3:      minmay_inner_zag, layout_rooms, guppyfry_early_lair_pool
D:4:      layout_loops_ring, minmay_temple_entry_butterflies,
          kennysheep_diamond, hangedman_decor_clover_reticule, roderic_batcave,
          minmay_stone_trees_medium
D:5:      layout_gridville, uniq_grinder, uniq_blork_the_orc
D:6:      layout_gridville, uniq_sigmund
D:7:      layout_basic, minmay_misc_feat_rugged, uniq_menkaure
D:8:      layout_cave_pools
Temple:   roderic_octagonal_lattice_temple

Skill      XL: |  1  2  3  4  5  6  7  8  9 |
---------------+----------------------------+-----
Polearms       | 4 5 6 7 8 |  8.4
Stealth        | 1 |  1.6
Shields        | 1 2 3 4 |  4.6
Fighting       | 4 5 6 |  6.2
Armour         | 2 3 |  3.9
Dodging        | 2 3 |  3.8

Action                   |  1- 3 |  4- 6 |  7- 9 || total
-------------------------+-------+-------+-------++-------
Melee: Spear             |    84 |    47 |       ||   131
       Trident           |       |   114 |   179 ||   293
Invok: Berserk           |       |       |     1 ||     1
       Brothers in Arms  |       |       |     1 ||     1
 Abil: Spit Poison       |    33 |    31 |    48 ||   112
  Use: Scroll            |       |     1 |     4 ||     5
Armor: Animal skin       |     7 |       |       ||     7
       Scale mail        |    18 |    17 |       ||    35
       Plate armour      |       |    99 |    70 ||   169
Dodge: Dodged            |    37 |    42 |    45 ||   124
Block: Buckler           |       |    21 |    24 ||    45
